 Dungeon Crawl Stone Soup version 0.29-a0-111-gbaf749a769 (webtiles) character file.

Game seed: 11454143486156817916

61 Hubjo the Sneak (level 3, 0/26 HPs)
             Began as a Vampire Enchanter on Feb 17, 2022.
             Was an Initiate of Nemelex Xobeh.
             Slain by a thrashing horror (16 damage)
             ... created by the touch of Lugonu
             ... on level 3 of the Dungeon.
             The game lasted 00:04:10 (2057 turns).

Hubjo the Sneak (Vampire Enchanter)                 Turns: 2057, Time: 00:04:10

Health: 0/26       AC:  2    Str:  7    XL:     3   Next: 83%
Magic:  6/6        EV: 13    Int: 17    God:    Nemelex Xobeh [......]
Gold:   163        SH:  0    Dex: 16    Spells: 6/6 levels left

rFire   . . .      SeeInvis +   a - +1 dagger
rCold   . . .      Faith    .   (no shield)
rNeg    . . .      Spirit   .   b - +0 robe
rPois   .          Reflect  .   (no helmet)
rElec   .          Harm     .   (no cloak)
rCorr   .          Rampage  .   (no gloves)
Will    .....                   (no boots)
Stlth   +++.......              (no amulet)
HPRegen 0.28/turn               (no ring)
MPRegen 0.10/turn               (no ring)

@: healing quickly
A: alive, fangs 3, see invisible, vampiric 2
a: Exsanguinate, Renounce Religion, Draw Escape, Draw Destruction, Draw
Summoning


You were on level 3 of the Dungeon.
You worshipped Nemelex Xobeh.
Nemelex Xobeh was noncommittal.
You visited 1 branch of the dungeon, and saw 4 of its levels.

You collected 163 gold pieces.

Inventory:

Hand Weapons
 a - a +1 dagger (weapon)
Armour
 b - a +0 robe (worn)
Wands
 m - a wand of mindburst (5)
Scrolls
 e - 2 scrolls of noise {unknown}
 g - a scroll of identify {unknown}
 i - a scroll of fog {unknown}
 l - a scroll of enchant armour {unknown}
 n - a scroll of amnesia
 o - a scroll of blinking {unknown}
 p - a scroll of silence {unknown}
Potions
 c - a potion of invisibility
 d - a potion of might {unknown}
 f - a potion of degeneration {unknown}
 h - a potion of brilliance {unknown}
 j - 2 potions of lignification {unknown}
 k - a potion of flight {unknown}


   Skills:
 * Level 1.6 Fighting
 + Level 1.6 Short Blades
 + Level 2.6 Dodging
 * Level 5.4 Stealth
 - Level 2.0 Spellcasting
 + Level 4.8 Hexes


You had 6 spell levels left.
You didn't know any spells.
Your spell library contained the following spells:

 Spells                   Type           Power      Damage    Failure   Level
 Confusing Touch          Hex            18%        N/A       9%          3
 Tukima's Dance           Hex            18%        N/A       9%          3
 Ensorcelled Hibernation  Hex/Ice        18%        N/A       11%         2
 Dazzling Flash           Conj/Hex       18%        N/A       22%         3
 Sublimation of Blood     Necr           1%         N/A       28%         2
 Wereblood                Tmut           1%         N/A       28%         2
 Ignite Poison            Fire/Tmut/Pois 1%         N/A       50%         3
 Mephitic Cloud           Conj/Pois/Air  1%         N/A       50%         3
 Freezing Cloud           Conj/Ice/Air   0%         6-21      99%         5
 Summon Hydra             Summ           0%         N/A       100%        7


Dungeon Overview and Level Annotations

Branches:
Dungeon (4/15)
 Temple: D:4-7

Altars:
Nemelex Xobeh
Lugonu

Shops:
D:2 [


Innate Abilities, Weirdness & Mutations

Your natural rate of healing is accelerated.
You have razor-sharp teeth.
You have supernaturally acute eyesight. (SInv)
You are afflicted with vampirism and can become a bat while bloodless.


Message History

The hobgoblin closely misses you.
You closely miss the hobgoblin.
The hobgoblin is severely wounded.
The hobgoblin hits you.
You hit the hobgoblin but do no damage.
The hobgoblin is severely wounded.
The hobgoblin hits you.
You hit the hobgoblin but do no damage.
The hobgoblin is severely wounded.
The hobgoblin hits you.
You hit the hobgoblin.
The hobgoblin is almost dead.
The hobgoblin misses you.
You hit the hobgoblin.
You kill the hobgoblin!
No target in view!
Lugonu sends minions to punish you.
A thrashing horror comes into view.
A thrashing horror is nearby!
A thrashing horror is nearby!
A thrashing horror is nearby!
The thrashing horror roars!
Things that are here:
a +0 dagger; 5 stones The thrashing horror tramples you but does no damage.
The thrashing horror misses you.
There is a stone staircase leading down here.
The thrashing horror tramples you!
You hold your ground!
The thrashing horror tramples you but does no damage.
You climb downwards.
There is a stone staircase leading up here.
The thrashing horror misses you. The thrashing horror barely misses you.
You climb upwards.
There is a stone staircase leading down here.
As you read the scroll labelled SYADOPSODIE, it crumbles to dust.
It is a scroll of amnesia.
You feel forgetful for a moment. The thrashing horror tramples you!
Ouch! That really hurt!
You die...
Your body disappears without a glow.

....... .......
....... ......#
......# ......#
#########......#
........@......#
.......#.X.....#
#####.........#
#...##(.......#
#...##.........
#...##...#.####
##########........#.#
(........#...###....#
.........#...###....#


You could see a thrashing horror.

Vanquished Creatures
  2 worms
  3 dart slugs
  An orc (D:3)
  6 ball pythons
  9 endoplasms
  A giant cockroach (D:3)
  3 goblins (D:1)
  3 hobgoblins
  2 bats
  4 frilled lizards (D:1)
  7 kobolds
  7 rats
48 creatures vanquished.

Notes
Turn   | Place    | Note
-------+----------+-------------------------------------------
     0 | D:1      | Hubjo the Vampire Enchanter began the quest for the Orb.
     0 | D:1      | Reached XP level 1. HP: 13/13 MP: 3/3
   148 | D:1      | Reached XP level 2. HP: 8/20 MP: 5/5
   343 | D:1      | Reached skill level 1 in Fighting
   769 | D:1      | Reached skill level 5 in Stealth
  1068 | D:2      | Found Coesek's Antique Armour Emporium.
  1163 | D:2      | Found a faded altar of an unknown god.
  1179 | D:2      | Prayed at the altar of an unknown god.
  1179 | D:2      | Became a worshipper of Lugonu the Unformed
  1179 | D:2      | Reached * piety under Lugonu
  1179 | D:2      | Reached ** piety under Lugonu
  1192 | D:2      | Gained mutation: You are afflicted with vampirism and can
                  | become a bat while bloodless. [Vampire growth]
  1192 | D:2      | Reached XP level 3. HP: 21/26 MP: 6/6
  1885 | D:3      | Found a sparkling altar of Nemelex Xobeh.
  1925 | D:3      | Fell from the grace of Lugonu
  1925 | D:3      | Became a worshipper of Nemelex Xobeh the Trickster
  2048 | D:3      | Noticed a thrashing horror
  2057 | D:3      | Slain by a thrashing horror

Illustrated notes

Levels and vault maps discovered:
D:1:      dpeg_arrival_three_same_balls, layout_basic
D:2:      layout_rooms, serial_shops, shop, ebering_ecumenical_altar_rust
D:3:      layout_basic, nemelex_xobeh_ov_fountains_minmay, grunt_ministairs_11,
          minmay_rat_hole
D:4:      layout_basic

Skill      XL: |  1  2 |
---------------+-------+-----
Fighting       | 1 |  1.6
Stealth        | 5 |  5.4
Short Blades   | |  1.6
Dodging        | |  2.6
Spellcasting   | |  2.0
Hexes          | |  4.8

Action                   || total
-------------------------++-------
Melee: Dagger            ||   149
       Bite              ||     9
  Use: Scroll            ||     1
 Stab: Sleeping          ||    17
       Distracted        ||     1
Armor: Robe              ||    29
Dodge: Dodged            ||    84

Table legend: (Time is in decaauts)
 A = Elapsed time spent in this place.
 B = Non-inter-level travel time spent in this place.
 C = Inter-level travel time spent in this place.
 D = Time resting spent in this place.
 E = Time spent auto-exploring this place.
 F = Levels seen in this place.
 G = Mean time per level.
                   A        B        C        D        E       F      G
               +--------+--------+--------+--------+--------+-----+--------+
         Total |   2046 |   1984 |     62 |     15 |   1523 |   4 |  511.5 |
       Dungeon |   2046 |   1984 |     62 |     15 |   1523 |   4 |  511.5 |
               +--------+--------+--------+--------+--------+-----+--------+

Top non-repeatable levels by time:
     D:1: 1014 daAuts
     D:2: 522 daAuts
     D:3: 508 daAuts
     D:4: 1 daAuts
